 Dungeon Crawl Stone Soup version 0.26-a0-931-g326f72de0d (webtiles) character file.

Game seed: 3332175992733371579

69 sahdkjhfkaj the Ruffian (level 4, -5/38 HPs)
             Began as a Ghoul Warper on Nov 26, 2020.
             Killed by divine providence
             ... invoked by an orc priest
              (10 damage)
             ... on level 5 of the Dungeon.
             The game lasted 00:08:32 (2679 turns).

sahdkjhfkaj the Ruffian (Ghoul Warper)              Turns: 2679, Time: 00:08:33

Health: -5/38      AC:  5    Str: 15    XL:     4   Next: 20%
Magic:  5/5        EV: 11    Int:  8    God:
Gold:   177        SH:  5    Dex:  8    Spells: 4/6 levels left

rFire    . . .     SeeInvis .     - Unarmed
rCold    + . .     Faith    .   (no shield)
rNeg     + + +     Spirit   .   a - +0 leather armour
rPois    ∞         Reflect  +   (no helmet)
rElec    .         Harm     .   r - +1 cloak
rCorr    .         Rampage  .   (no gloves)
MR       .....                  (no boots)
Stlth    +.........             f - amulet of reflection
HPRegen  0.00/turn              (no ring)
MPRegen  0.09/turn              (no ring)

@: no status effects
A: rotting body, claws 1, cold resistance 1, negative energy resistance 3,
inhibited regeneration, torment resistance, unbreathing
a: no special abilities


You were on level 5 of the Dungeon.
You visited 1 branch of the dungeon, and saw 5 of its levels.

You collected 177 gold pieces.

Inventory:

Missiles
 b - 5 boomerangs
 d - 5 boomerangs of dispersal
 h - 92 stones (quivered)
Armour
 a - a +0 leather armour (worn)
 r - a +1 cloak (worn)
Jewellery
 f - an amulet of reflection (around neck)
Wands
 n - a wand of polymorph (9)
Scrolls
 c - 2 scrolls of blinking {!r}
 e - a scroll of enchant weapon {!r}
 j - a scroll of immolation {!r}
 k - a scroll of magic mapping {!r}
 l - 4 scrolls of remove curse {!r}
 s - 2 scrolls of fear {!r, unknown}
Potions
 g - 3 potions of heal wounds {!q, unknown}
 i - 2 potions of curing {!q, unknown}
 m - a potion of mutation {!q, unknown}
 o - 2 potions of cancellation {!q, unknown}
 p - a potion of brilliance {!q, unknown}
 q - a potion of flight {!q, unknown}


   Skills:
 - Level 3.0 Fighting
 - Level 0.8 Throwing
 - Level 0.8 Armour
 - Level 1.7 Dodging
 - Level 2.3 Stealth
 + Level 3.6 Unarmed Combat
 - Level 1.7 Spellcasting
 - Level 2.6 Translocations


You had 4 spell levels left.
You knew the following spells:

 Your Spells              Type           Power        Failure   Level
B - Blink                 Tloc           N/A          22%         2

Your spell library contained the following spells:

 Spells                   Type           Power        Failure   Level
 Gell's Gravitas          Tloc           #.........   41%         3
 Lesser Beckoning         Tloc           #.........   41%         3
 Teleport Other           Tloc           #.......     41%         3
 Passage of Golubria      Tloc           N/A          83%         4


Dungeon Overview and Level Annotations

Branches:
Dungeon (6/15)
 Temple: D:4-7

Altars:
Nemelex Xobeh

Annotations:
D:3 Purgy


Innate Abilities, Weirdness & Mutations

Your body is rotting away.
You thrive by killing the living.
You are immune to poison.
You have sharp fingernails.
Your flesh is cold resistant. (rC+)
You are immune to negative energy. (rN+++)
You do not regenerate when monsters are visible.
You are immune to unholy pain and torment.
You can survive without breathing.


Message History

The orc shouts!
The worker ant zombie closely misses you.
A worker ant comes into view. 2 orcs come into view. 2 orcs and an orc wizard come into view.
The orc shouts!
The orc wizard shouts!
The orc shouts!
You hear a shout!
The orc wizard gestures wildly while chanting.
The orc wizard flickers and vanishes!
Deactivating autopickup; reactivate with Ctrl-A.
Unknown command.
The orc shouts!
You hear a shout! x3
The orc barely misses you.
A ball python comes into view.
The ball python hisses angrily.
An orc priest comes into view.
The orc priest shouts!
An orc priest comes into view.
The orc priest invokes the aid of Beogh against you.
Beogh smites you!
You die...

#.!#
##..####
#......
+...oo
#.S.. ...
#.# #@#
#.# #o#
#B# #
#o#.#.#.#
#.#.#...#
#.......#
##
#z#.....#
..
#.#o....#


You could see a worker ant, a wight, 2 orc priests, 2 orcs and a ball python.

Vanquished Creatures
  An adder (D:3)
  2 worms
  A dart slug (D:2)
  A leopard gecko (D:3)
  An orc (D:3)
  2 ball pythons
  4 bats
  5 goblins
  8 hobgoblins
  2 jackals (D:1)
  4 kobolds (D:1)
  3 quokkas
  7 frilled lizards
  9 rats
50 creatures vanquished.

Notes
Turn   | Place    | Note
-------+----------+-------------------------------------------
     0 | D:1      | sahdkjhfkaj the Ghoul Warper began the quest for the Orb.
     0 | D:1      | Reached XP level 1. HP: 17/17 MP: 2/2
    63 | D:1      | Reached skill level 1 in Stealth
   151 | D:1      | Reached XP level 2. HP: 13/24 MP: 3/3
   158 | D:1      | Learned a level 2 spell: Blink
   665 | D:1      | Reached XP level 3. HP: 29/29 MP: 4/4
  1464 | D:3      | Reached XP level 4. HP: 32/38 MP: 5/5
  1582 | D:3      | Found a sparkling altar of Nemelex Xobeh.
  1599 | D:3      | Noticed Purgy
  2623 | D:3      | You fall into a shaft and drop 3 floors!
  2661 | D:5      | Entered Level 5 of the Dungeon
  2679 | D:5      | Killed from afar by an orc priest

Illustrated notes

Levels and vault maps discovered:
D:1:      dpeg_arrival_long_road, layout_rooms
D:2:      layout_rooms, minmay_tromino_v4_c
D:3:      layout_basic, gammafunk_temple_overflow_pools, st_stairs_7,
          nemelex_diamond_rough_becter, uniq_purgy
D:5:      layout_basic, gammafunk_ghost_grave, nicolae_ru_awakened_eye,
          uniq_duvessa
D:6:      layout_basic, uniq_edmund

Skill      XL: |  1  2  3 |
---------------+----------+-----
Stealth        | 1 2 |  2.3
Unarmed Combat | 3 |  3.6
Fighting       | 3 |  3.0
Throwing       | |  0.8
Armour         | |  0.8
Dodging        | |  1.7
Spellcasting   | |  1.7
Translocations | |  2.6

Action                   |  1- 3 |  4- 6 || total
-------------------------+-------+-------++-------
Melee: Unarmed           |    98 |    44 ||   142
Throw: Stone             |    59 |     2 ||    61
       Boomerang         |     1 |       ||     1
 Cast: Blink             |       |     2 ||     2
  Use: Scroll            |     4 |     2 ||     6
 Stab: Sleeping          |     1 |     1 ||     2
Armor: Leather armour    |    17 |    10 ||    27
Dodge: Dodged            |    53 |    30 ||    83
Block: Other             |    15 |    18 ||    33

Table legend: (Time is in decaauts)
 A = Elapsed time spent in this place.
 B = Non-inter-level travel time spent in this place.
 C = Inter-level travel time spent in this place.
 D = Time resting spent in this place.
 E = Time spent auto-exploring this place.
 F = Levels seen in this place.
 G = Mean time per level.
                   A        B        C        D        E       F      G
               +--------+--------+--------+--------+--------+-----+--------+
         Total |   2677 |   2534 |    143 |    814 |   1081 |   5 |  535.4 |
       Dungeon |   2677 |   2534 |    143 |    814 |   1081 |   5 |  535.4 |
               +--------+--------+--------+--------+--------+-----+--------+

Top non-repeatable levels by time:
     D:2: 1127 daAuts
     D:1: 777 daAuts
     D:3: 717 daAuts
     D:6: 37 daAuts
     D:5: 17 daAuts
